 Dungeon Crawl Stone Soup version 0.28.0-43-g3370ac3207 (webtiles) character file.

Game seed: 15531954563102671092

57 issech the Cudgeller (level 3, -6/36 HPs)
             Began as a Troll Monk on Mar 22, 2022.
             Mangled by a gnoll
             ... wielding a +0 halberd
              (8 damage)
             ... on level 2 of the Dungeon.
             The game lasted 00:03:57 (1328 turns).

issech the Cudgeller (Troll Monk)                   Turns: 1328, Time: 00:03:58

Health: -6/36      AC:  4    Str: 19    XL:     3   Next: 73%
Magic:  2/2        EV: 10    Int:  6    God:
Gold:   76         SH:  0    Dex: 14    Spells: 2/2 levels left

rFire   + . .      SeeInvis .   a - +0 mace
rCold   . . .      Faith    .   (no shield)
rNeg    . . .      Spirit   .   k - +0 robe {rF+}
rPois   .          Reflect  .   (helmet restricted)
rElec   .          Harm     .   (no cloak)
rCorr   .          Rampage  .   (gloves unavailable)
Will    .....                   (boots unavailable)
Stlth   ++........              (no amulet)
HPRegen 0.92/turn               (no ring)
MPRegen 0.08/turn               (no ring)

@: no status effects
A: large, unfitting armour, claws 3, regeneration 1, shaggy fur 1, tough skin 1
a: no special abilities


You were on level 2 of the Dungeon.
You visited 1 branch of the dungeon, and saw 2 of its levels.

You collected 76 gold pieces.

Inventory:

Hand Weapons
 a - a +0 mace (weapon)
 g - a +1 short sword of draining
Missiles
 c - 31 stones (quivered)
 i - 40 sling bullets
 l - 2 poisoned darts
Armour
 b - a +0 robe
 k - a +0 robe of fire resistance (worn)
Magical Staves
 e - a staff of air
Scrolls
 d - a scroll of holy word {unknown}
 h - a scroll of brand weapon {unknown}
 j - a scroll of enchant armour {unknown}
Potions
 f - 2 potions of might {unknown}


   Skills:
 + Level 2.9 Fighting
 + Level 3.4 Maces & Flails
 + Level 2.7 Dodging
 + Level 1.2 Stealth


You had 2 spell levels left.
You didn't know any spells.
Your spell library was empty.

Dungeon Overview and Level Annotations

Branches:
Dungeon (2/15)

Altars:


Innate Abilities, Weirdness & Mutations

You are too large for most types of armour.
You have claws for hands.
Your natural rate of healing is unusually fast.
You are covered in fur. (AC +1)
You have tough skin. (AC +1)


Message History

A gnoll comes into view. It is wielding a +0 spear.
The gnoll shouts!
The gnoll hits you from afar with a +0 spear.
The gnoll hits you with a +0 spear.
You closely miss the gnoll. The gnoll closely misses you. x2
You thump the gnoll!
The gnoll is severely wounded.
The gnoll hits you with a +0 spear!
You barely miss the gnoll.
The gnoll is severely wounded.
The gnoll hits you with a +0 spear.
You barely miss the gnoll.
The gnoll is heavily wounded.
The gnoll hits you with a +0 spear.
You closely miss the gnoll.
The gnoll is heavily wounded.
The gnoll closely misses you.
A gnoll comes into view. It is wielding a +0 flail.
A gnoll comes into view. It is wielding a +0 halberd.
The gnoll shouts! x2
You hit the gnoll.
The gnoll is almost dead.
The gnoll hits you with a +0 spear. x2
You hit the gnoll but do no damage.
The gnoll is almost dead.
The gnoll barely misses you.
You barely miss the gnoll.
The gnoll is almost dead.
The gnoll hits you from afar with a +0 halberd.
The gnoll closely misses you.
The gnoll hits you from afar with a +0 halberd!
The gnoll barely misses you. The gnoll hits you with a +0 spear.
The gnoll hits you but does no damage.
You hit the gnoll.
You kill the gnoll!
The gnoll hits you from afar with a +0 halberd! x2
* * * LOW HITPOINT WARNING * * *
The gnoll hits you from afar with a +0 halberd!
You die...

#. #......# ..
#......#
###########......#
.................#
###########......#
.........##......#
........†g...######
.........###.####.#
.####...........@.#
.# #.######.####)#
.# #.# #g# #g# .#
#.# #.# #.# .# #.#
#.# #g# ## #.#
#.####.# #.#
#.g....# #.#
######## ..#


You could see 2 gnolls.

Vanquished Creatures
  A gnoll (D:2)
  3 dart slugs (D:1)
  5 ball pythons
  4 endoplasms
  2 giant cockroaches
  3 hobgoblins
  A quokka (D:1)
  4 bats
  11 frilled lizards (D:1)
  5 goblins
  3 kobolds (D:2)
42 creatures vanquished.

Vanquished Creatures (others)
  A bat (D:1)
1 creature vanquished.

Grand Total: 43 creatures vanquished

Notes
Turn   | Place    | Note
-------+----------+-------------------------------------------
     0 | D:1      | issech the Troll Monk began the quest for the Orb.
     0 | D:1      | Reached XP level 1. HP: 22/22 MP: 0/0
   181 | D:1      | Reached XP level 2. HP: 29/29 MP: 1/1
   268 | D:1      | Found a faded altar of an unknown god.
   383 | D:1      | Reached skill level 3 in Maces & Flails
   462 | D:1      | Reached XP level 3. HP: 36/36 MP: 2/2
  1327 | D:2      | HP: 1/36 [gnoll/+0 halberd (15)]
  1328 | D:2      | Mangled by a gnoll

Illustrated notes

Levels and vault maps discovered:
D:1:      beargit_arrival_greenhouse, layout_loops_cross,
          basic_ecumenical_altar, serial_park_tiny_pond,
          minmay_misc_feat_columns, minmay_misc_feat_roman, fountainhead,
          minmay_misc_feat_enclosed, minmay_lizard_pond
D:2:      layout_basic, minmay_tromino_v4_b

Skill      XL: |  1  2 |
---------------+-------+-----
Maces & Flails | 3 |  3.4
Fighting       | |  2.9
Dodging        | |  2.7
Stealth        | |  1.2

Action                   || total
-------------------------++-------
Melee: Mace              ||   134
 Stab: Sleeping          ||     3
Armor: Robe              ||    73
Dodge: Dodged            ||   123
